 Dungeon Crawl Stone Soup version 0.29.1-14-g9c671dbff4 (webtiles) character file.

Game seed: 11003421772152609487

0 Mickster the Sneak (level 1, -1/18 HPs)
             Began as a Demigod Delver on Feb 13, 2023.
             Succumbed to a scorpion's poison
             ... on level 5 of the Dungeon.
             The game lasted 00:02:41 (187 turns).

Mickster the Sneak (Demigod Delver)                  Turns: 187, Time: 00:02:42

Health: -1/18      AC:  3    Str: 13    XL:     1   Next: 0%
Magic:  3/3        EV: 11    Int: 12    God:
Gold:   12         SH:  0    Dex: 15    Spells: 0/0 levels left

rFire   . . .      SeeInvis .   a - +0 falchion (freeze)
rCold   . . .      Faith    .   (no shield)
rNeg    . . .      Spirit   .   b - +0 leather armour
rPois   .          Reflect  .   (no helmet)
rElec   .          Harm     .   (no cloak)
rCorr   .          Rampage  .   (no gloves)
Will    .....                   (no boots)
Stlth   +++.......              (no amulet)
HPRegen 0.06/turn               (no ring)
MPRegen 0.08/turn               (no ring)

@: lethally poisoned (-1 -> -9)
A: high MP 1, forlorn, divine attributes
a: no special abilities


You were on level 5 of the Dungeon.
You visited 1 branch of the dungeon, and saw 1 of its levels.

You collected 12 gold pieces.

Inventory:

Hand Weapons
 a - a +0 falchion of freezing (weapon)
Armour
 b - a +0 leather armour (worn)
Wands
 g - a wand of digging (3)
Scrolls
 c - a scroll of fog
 d - a scroll of magic mapping
 e - a scroll of fear
Potions
 f - a potion of haste


   Skills:
 + Level 2.6 Fighting
 + Level 1.7 Long Blades
 + Level 1.7 Dodging
 + Level 4.5 Stealth


You couldn't memorise any spells.
You didn't know any spells.
Your spell library was empty.

Dungeon Overview and Level Annotations

Branches:
Dungeon (5/15)
 Temple: D:4-7


Innate Abilities, Weirdness & Mutations

You have an increased reservoir of magic. (+10% MP)
You shall have no god before yourself.
Your divine heritage dramatically boosts your attributes as you level up.


Message History

The scorpion stings the bush but does no damage.
The adder bites the bush.
The scorpion stings the bush but does no damage.
The adder bites the bush but does no damage.
The scorpion stings something but does no damage.
The adder bites the bush but does no damage.
Something bites the bush.
The bush is poisoned.
Something poisons the bush!
Something bites the bush.
You hit the bush. You freeze the bush.
The bush is lightly damaged.
Something stings the bush but does no damage.
Something bites the bush but does no damage.
Something stings the bush but does no damage.
Something stings the bush but does no damage.
Something stings the bush but does no damage.
Something bites the bush but does no damage.
Something stings the bush.
The adder bites the bush.
Something stings the bush but does no damage.
The adder bites the bush but does no damage.
Something stings the bush.
The bush is poisoned.
Something poisons the bush!
The adder bites the bush.
Something stings the bush but does no damage.
The adder bites the bush but does no damage.
The scorpion stings you. x2
You hit the scorpion. You freeze the scorpion.
The scorpion is moderately wounded.
The scorpion stings you.
You hit the scorpion. You freeze the scorpion.
The scorpion is severely wounded.
The scorpion stings you.
The scorpion stings you but does no damage.
You closely miss the scorpion.
The scorpion is severely wounded.
The scorpion stings you!
* * * LOW HITPOINT WARNING * * *
You are lethally poisoned!
The scorpion poisons you!
You hit the scorpion. You freeze the scorpion.
You kill the scorpion!
You die...

#....#
####.#
.# #.#
.# #.#
.##
#.###
##..####


#.PPPPPPPP.PPP# #P.P...P.P...P ######P.P.PPP.P.PPP## .<..#...P....@......#
#...P.PPPPP.PPPPP.. ##..P.P...P.....P# ##.P.P.PPP.PPPPP# ##P...P...P...P
#PPP.P.P.PPP.P #P.....P.....P #PPPPPPPPPPP.P #..S#######...# There were no
monsters in sight!

Vanquished Creatures
  A scorpion (D:5)
  A bush (D:5)
2 creatures vanquished.

Notes
Turn   | Place    | Note
-------+----------+-------------------------------------------
     0 | D:5      | Mickster the Demigod Delver began the quest for the Orb.
     0 | D:5      | Reached XP level 1. HP: 18/18 MP: 3/3
   156 | D:5      | Noticed a scorpion
   187 | D:5      | Killed a scorpion
   187 | D:5      | Succumbed to a scorpion's poison

Illustrated notes

Levels and vault maps discovered:
D:5:      layout_loops_corners, mainiacjoe_overflow_alcove_4, elyvilon_altar_4,
          nicolae_yredelemnul_ghost_church, chequers_serial_rivers_micro_e,
          minmay_hedge_maze, minmay_joined_circles, uniq_blork_the_orc

Action                   || total
-------------------------++-------
Melee: Falchion          ||    74
       Punch             ||     2
  Use: Scroll            ||     2
Armor: Leather armour    ||     1
